AoeStats
← Chiqui Magia

African Clearing

505300543Analyzed
3v3 RM · 23d ago on Sep 8, 2026· 38m 30s· 6 players
Game mode
Random Map
Map size
Normal (6 player)
Population
200
Speed
Normal
Resources
Standard
Victory
Conquest
Starting age
Dark Age
Ending age
Imperial Age
RankedLock teamsTeams togetherTeam positionsShared explorationLock speedFull tech treeHidden civsTurbo modeCheats
Victory
Defeat
🇩🇪 Burmese · Germany
1489
+15
🇦🇷 Franks · Argentina
1414
+19
🇨🇷 Burgundians · Costa Rica
1404
+18
🇦🇷 Aztecs · Argentina
1474
-18
🇦🇷 Gurjaras · Argentina
1447
-17
🇦🇷 Georgians · Argentina
1446
-17
Chiqui Magia
13:08 Feudal Age
13:13 Loom
16:59 Castle Age
14:53 Double-Bit Axe
21:55 Bow Saw
23:20 Horse Collar
25:11 Sanctity
28:06 Fervor
29:23 Stone Mining
29:23 Gold Mining
31:29 Redemption
37:26 Wheelbarrow
[TOX2] A-c-Syno-666
10:33 Loom
12:56 Feudal Age
13:29 Double-Bit Axe
14:47 Forging
18:15 Scale Barding Armor
23:28 Castle Age
21:46 Gold Mining
22:53 Horse Collar
23:47 Bloodlines
24:50 Heavy Plow
25:04 Bow Saw
Fema
6:41 Loom
12:20 Feudal Age
16:59 Fletching
25:06 Castle Age
28:27 Bodkin Arrow
31:49 Wheelbarrow
32:10 Double-Bit Axe
Delirios de Autoridad
3:37 Loom
12:06 Feudal Age
12:46 Double-Bit Axe
16:58 Scale Barding Armor
22:53 Castle Age
21:06 Forging
21:13 Horse Collar
22:56 Stone Mining
22:58 Gold Mining
24:02 Town Watch
25:18 Scale Mail Armor
29:47 Chain Mail Armor
29:57 Squires
30:01 Fletching
35:48 Husbandry
banzigerrastard
11:12 Loom
13:38 Feudal Age
17:23 Castle Age
16:27 Stone Mining
16:37 Gold Mining
17:07 Town Watch
19:07 Wheelbarrow
25:42 Padded Archer Armor
29:07 Husbandry
29:18 Bloodlines
33:00 Imperial Age
30:57 Devotion
30:52 Man-at-Arms
31:18 Gambesons
31:33 Squires
31:35 Scale Mail Armor
31:45 Forging
32:23 Hand Cart
31:50 Horse Collar
31:41 Long Swordsman
32:22 Arson
32:58 Chain Mail Armor
33:14 Two-Handed Swordsman
34:25 Conscription
34:43 Plate Mail Armor
34:33 Champion
39:14 Coinage
PistonForjado
10:47 Loom
14:43 Feudal Age
18:01 Double-Bit Axe
19:05 Fletching
31:13 Forging
39:25 Wheelbarrow
Connection lost

Rejoining the realm…

Still unreachable

The connection could not be restored.

Session expired

The server has moved on; the page needs a fresh start.